Map: 2000 Atmospheres LE

Players

Reynor

  • Race: Zerg Zerg

Maru - Winner!

  • Race: Terran Terran

Event: IEM Katowice 2022

VOD

Have the link to the VOD?

Description

Time

  • Played on: Feb. 25, 2022, 1:21 p.m.
  • Length: 6:00

All games in this series

Show
View Real Time Build Order
Export as new Build Order

Reynor Zerg 

Build Orders: Hatch First 

Get SALT Encoding   

  12  0:00  Drone  
  13  0:12  Overlord  
  13  0:16  Drone  
  14  0:30  Drone x2  
  16  0:48  Hatchery  
  15  0:51  Drone  
  15  0:54  Drone  
  17  0:57  Drone  
  18  1:08  Extractor  
  17  1:12  Spawning Pool  
  17  1:15  Drone  
  17  1:18  Drone  
  18  1:27  Drone  
  19  1:38  Drone  
  20  1:48  Overlord  
  20  1:59  Queen x2  
  20  2:00  Zergling x4  
  26  2:10  Drone x2  
  26  2:11  Metabolic Boost  
  28  2:21  Drone x2  
  30  2:34  Hatchery  
  30  2:35  Drone  
  30  2:38  Drone  
  30  2:42  Drone  
  32  2:45  Overlord  
  32  2:53  Drone x2  
  34  3:00  Pneumatized Carapace  
  34  3:03  Queen  
  34  3:04  Drone  
  37  3:06  Drone  
  37  3:11  Overlord  
  38  3:13  Drone  
  38  3:15  Drone  
  38  3:16  Drone  
  41  3:22  Drone  
  41  3:25  Drone  
  43  3:32  Overlord  
  43  3:36  Drone  
  43  3:38  Drone  
  43  3:39  Queen  
  43  3:40  Zergling x4  
  49  3:43  Queen  
  49  3:45  Drone  
  49  3:48  Overlord  
  52  3:49  Drone  
  53  3:57  Drone x2  
  53  3:58  Roach Warren, Drone  
  53  4:02  Queen  
  55  4:06  Overlord  
  55  4:07  Drone  
  58  4:10  Drone  
  59  4:17  Drone  
  59  4:18  Drone  
  59  4:19  Drone  
  59  4:21  Drone  
  59  4:23  Queen  
  65  4:25  Extractor, Drone x2  
  65  4:26  Queen  
  68  4:31  Overlord  
  65  4:41  Drone x5  
  65  4:42  Zergling x4  
  65  4:45  Queen  
  70  4:48  Zergling x2  
  70  4:52  Zergling x4  
  69  4:53  Zergling x4  
  69  4:56  Overlord  
  67  5:02  Queen  
  67  5:06  Zergling x2  
  67  5:07  Zergling x4  
  66  5:08  Spore Crawler  
  66  5:12  Zergling x6  
  68  5:17  Spore Crawler  
  68  5:18  Drone  
  68  5:19  Drone  
  68  5:20  Queen  
  71  5:28  Drone  
  72  5:32  Drone x2, Spore Crawler  
  72  5:34  Drone  
  74  5:40  Roach x2  
Show
View Real Time Build Order
Export as new Build Order

Maru Terran - Winner!

Build Orders:  

Get SALT Encoding   

  12  0:00  SCV  
  13  0:12  SCV  
  14  0:17  Supply Depot  
  14  0:24  SCV  
  15  0:38  SCV  
  15  0:39  Barracks  
  16  0:42  Refinery  
  16  0:50  SCV  
  17  1:02  SCV  
  18  1:14  SCV  
  19  1:26  Marine  
  19  1:27  Orbital Command  
  20  1:37  Command Center  
  20  1:48  Factory  
  20  1:52  SCV  
  21  2:01  Barracks Reactor  
  21  2:04  SCV  
  22  2:08  Supply Depot  
  22  2:10  Refinery  
  22  2:16  SCV  
  23  2:30  SCV  
  23  2:37  Hellion, Starport  
  24  2:38  Marine x2  
  24  2:42  SCV  
  29  2:50  Orbital Command  
  29  2:54  SCV  
  29  2:56  Marine x2  
  32  2:59  Hellion  
  34  3:06  SCV  
  35  3:13  Marine, Medivac  
  35  3:14  Marine  
  35  3:16  SCV  
  35  3:19  Supply Depot  
  40  3:22  SCV  
  41  3:27  Fusion Core  
  41  3:31  SCV  
  42  3:37  SCV  
  43  3:44  Hellion x2  
  43  3:46  Starport Tech Lab  
  43  3:48  SCV  
  48  3:53  SCV, Supply Depot  
  49  4:00  SCV  
  50  4:05  SCV, Hellion  
  53  4:12  SCV, Command Center  
  54  4:20  SCV  
  55  4:28  Battlecruiser  
  61  4:32  SCV  
  62  4:40  Supply Depot  
  62  4:43  SCV  
  61  4:46  Hellion  
  62  4:53  SCV  
  62  4:55  SCV  
  62  4:59  Refinery, Hellion  
  62  5:00  Refinery  
  62  5:02  Supply Depot  
  62  5:05  SCV  
  63  5:07  SCV, Hellion  
  66  5:15  Marine  
  66  5:17  SCV  
  66  5:19  SCV  
  69  5:22  Factory x2  
  69  5:24  Orbital Command  
  71  5:28  Hellion  
  71  5:29  SCV, Hellion  
  71  5:31  SCV  
  75  5:41  SCV  
  82  5:43  SCV  
  82  5:49  Supply Depot  

Tags
 
Add a new tag
Caveats
  • Supply blocks, unpowered buildings, or Contaminate may cause inaccurate times.
  • Supply counts are checked every 10 seconds.